 Dungeon Crawl Stone Soup version 0.22.1-1-ga44c0e56f4 (webtiles) character file.

195 Peloso the Covered (level 5, 0/47 HPs)
             Began as a Minotaur Fighter on Oct 28, 2018.
             Slain by a white imp (5 damage)
             ... summoned by Natasha
             ... on level 3 of the Dungeon.
             The game lasted 00:03:28 (1339 turns).

Peloso the Covered (Minotaur Fighter)               Turns: 1339, Time: 00:03:29

Health: 0/47       AC:  9    Str: 20    XL:     5   Next: 45%
Magic:  4/4        EV:  6    Int:  5    God:
Gold:   177        SH: 10    Dex: 11    Spells: 4/4 levels left

rFire    . . .     SeeInvis .   a - +0 long sword
rCold    . . .     Gourm    .   c - +0 shield
rNeg     . . .     Faith    .   b - +0 chain mail
rPois    .         Spirit   .   (helmet restricted)
rElec    .         Reflect  .   (no cloak)
rCorr    .         Harm     .   (no gloves)
MR       .....                  (no boots)
Stlth    ..........             (no amulet)
HPRegen  0.15/turn              (no ring)
MPRegen  0.09/turn              (no ring)

@: no status effects
A: retaliatory headbutt, horns 2
a: no special abilities


You were on level 3 of the Dungeon.
You were hungry.

You visited 1 branch of the dungeon, and saw 3 of its levels.

You collected 177 gold pieces.

Inventory:

Hand Weapons
 a - a +0 long sword (weapon)
Armour
 b - a +0 chain mail (worn)
 c - a +0 shield (worn)
Scrolls
 h - a scroll of remove curse
 i - 2 scrolls of identify {unknown}
 j - a scroll of fog {unknown}
 k - a scroll of noise {unknown}
 m - a scroll of blinking {unknown}
Potions
 d - a potion of might
 e - a potion of berserk rage {unknown}
 g - 2 potions of haste {unknown}
 l - a potion of lignification {unknown}
 n - a potion of brilliance {unknown}
 o - a potion of agility {unknown}
 p - a potion of heal wounds {unknown}
Comestibles
 f - 5 rations
 q - 3 chunks of flesh


   Skills:
 + Level 4.3 Fighting
 + Level 3.9 Long Blades
 + Level 5.1 Armour
 + Level 0.9 Dodging
 + Level 5.0 Shields


You had 4 spell levels left.
You didn't know any spells.
Your spell library was empty.

Dungeon Overview and Level Annotations

Branches:
Dungeon (3/15)

Altars:
Ru

Annotations:
D:3 2 transporters, Natasha


Innate Abilities, Weirdness & Mutations

You reflexively headbutt those who attack you in melee.
You have a pair of horns on your head.


Message History

Your headbutt misses Natasha.
Natasha is moderately wounded.
You block Natasha's attack.
The white imp shouts, "Quit, thou surly motley-minded pot-faker!"
The white imp hits you. The white imp freezes you.
Unknown command.
You hit Natasha. Your headbutt misses Natasha.
Natasha is heavily wounded.
You block Natasha's attack.
The white imp hits you but does no damage.
Natasha claws you but does no damage. You block the white imp's attack.
Unknown command.
You barely miss Natasha.
Natasha is heavily wounded.
Natasha claws you!
* * * LOW HITPOINT WARNING * * *
The white imp hits you.
* * * LOW HITPOINT WARNING * * *
The white imp freezes you.
You die...

... .. # ### .. # #... #. #
#....#. ###### #
#....#.###########....######
.........))@h...............
....#[.###5##.###....######
. ##.##...#.###....# #
#.....©.....#....# #
....w?#########......# #
.....##8..r..8##.....# #
#.....#.........#.....# ###
......#.##.©.##.#...).# #...
...##.#.##...##.#.....##..##


You could see Natasha, a white imp and a quokka.

Vanquished Creatures
  Natasha (D:3)
  Terence (D:2)
  An orc wizard (D:3)
  4 adders
  2 worms
  A dart slug (D:1)
  A leopard gecko (D:2)
  6 orcs
  A ball python (D:1)
  7 bats
  3 giant cockroaches
  8 hobgoblins
  10 jackals (D:2)
  5 kobolds
  A quokka (D:2)
  2 frilled lizards
  5 goblins
  A leopard gecko skeleton (D:2)
  5 rats
65 creatures vanquished.

Notes
Turn   | Place    | Note
-------+----------+-------------------------------------------
     0 | D:1      | Peloso the Minotaur Fighter began the quest for the Orb.
     0 | D:1      | Reached XP level 1. HP: 19/19 MP: 0/0
    85 | D:1      | Reached XP level 2. HP: 23/27 MP: 1/1
   471 | D:2      | Reached XP level 3. HP: 26/33 MP: 2/2
   480 | D:2      | Found a sacrificial altar of Ru.
   690 | D:2      | Found a faded altar of an unknown god.
   760 | D:2      | Reached XP level 4. HP: 23/40 MP: 3/3
  1046 | D:2      | Noticed Terence
  1060 | D:2      | Killed Terence
  1281 | D:3      | Found a transporter.
  1291 | D:3      | Found a transporter.
  1292 | D:3      | Noticed Natasha
  1303 | D:3      | Killed Natasha
  1303 | D:3      | Reached XP level 5. HP: 39/46 MP: 4/4
  1317 | D:3      | Reached skill level 5 in Armour
  1317 | D:3      | Reached skill level 5 in Shields
  1325 | D:3      | Noticed Natasha
  1339 | D:3      | Slain by a white imp

Skill      XL: |  1  2  3  4  5 |
---------------+----------------+-----
Fighting       | 4 |  4.3
Armour         | 4 5 |  5.1
Shields        | 4 5 |  5.0
Long Blades    | 3 |  3.9
Dodging        | |  0.9

Action                   |  1- 3 |  4- 6 || total
-------------------------+-------+-------++-------
Melee: Long sword        |    97 |    70 ||   167
       Headbutt          |    17 |    15 ||    32
  Use: Scroll            |     1 |       ||     1
  Eat: Chunk             |       |     1 ||     1
Armor: Scale mail        |    69 |    23 ||    92
       Chain mail        |       |    22 ||    22
Dodge: Dodged            |    39 |    16 ||    55
Block: Shield            |    84 |    45 ||   129
       Rpst.: Long sword |    12 |     5 ||    17
